 Dungeon Crawl Stone Soup version 0.25-a0-310-g60f0ac2d9a (webtiles) character file.

Game seed: 14037251280393232724, levelgen mode: deterministic

28 ANON1729 the Digger (level 3, -2/21 HPs)
             Began as an Octopode Earth Elementalist on Dec 23, 2019.
             Killed from afar by a dart slug (6 damage)
             ... with a slug dart
             ... on level 1 of the Dungeon.
             The game lasted 00:00:57 (771 turns).

ANON1729 the Digger (Octopode Earth Elementalist)    Turns: 771, Time: 00:00:58

Health: -2/21      AC:  1    Str:  7    XL:     3   Next: 14%
Magic:  2/6        EV: 13    Int: 17    God:
Gold:   22         SH:  0    Dex: 13    Spells: 5/6 levels left

rFire    . . .     SeeInvis .     - Unarmed
rCold    . . .     Gourm    .   (no shield)
rNeg     . . .     Faith    .   (helmet restricted)
rPois    .         Spirit   .   (no amulet)
rElec    .         Reflect  .   (no ring)
rCorr    .         Harm     .   (no ring)
MR       .....                  (no ring)
Stlth    +++.......             (no ring)
HPRegen  0.07/turn              (no ring)
MPRegen  0.10/turn              (no ring)
                                (no ring)
                                (no ring)

@: no status effects
A: almost no armour, stealthy swim, amphibious, 8 rings, constrict 8, camouflage
1, gelatinous body 1
a: no special abilities


You were on level 1 of the Dungeon.
You were not hungry.

You visited 1 branch of the dungeon, and saw 1 of its levels.

You collected 22 gold pieces.

Inventory:

Missiles
 b - 29 stones (quivered)
Scrolls
 a - a scroll of amnesia {unknown}
 d - a scroll of magic mapping {unknown}
Comestibles
 c - 2 rations


   Skills:
 + Level 2.2 Dodging
 + Level 2.9 Stealth
 + Level 1.0 Unarmed Combat
 + Level 2.2 Spellcasting
   Level 1.0 Transmutations
 + Level 3.5 Earth Magic


You had 5 spell levels left.
You knew the following spells:

 Your Spells              Type           Power        Failure   Level  Hunger
a - Sandblast             Erth           ##....       4%          1    #......

Your spell library contained the following spells:

 Spells                   Type           Power        Failure   Level  Hunger
 Passwall                 Tmut/Erth      #.......     12%         2    ###....
 Stone Arrow              Conj/Erth      #.....       28%         3    ###....
 Petrify                  Tmut/Erth      #.......     58%         4    #####..
 Lee's Rapid Deconstruct  Erth           ##........   77%         5    ######.


Dungeon Overview and Level Annotations

Branches:
Dungeon (1/15)

Altars:


Innate Abilities, Weirdness & Mutations

You cannot wear most types of armour.
You are very stealthy in the water. (Stealth+)
You are amphibious.
You can wear up to eight rings at the same time.
You can use your tentacles to constrict eight enemies at once.
Your skin changes colour to match your surroundings (Stealth+).
Your rubbery body absorbs attacks. (AC +1, EV +1)


Message History

You tentacle-slap the dart slug but do no damage.
Your grab misses the dart slug. You squeeze the dart slug.
The dart slug is lightly wounded.
The dart slug bites you.
* * * LOW HITPOINT WARNING * * *
You tentacle-slap the dart slug but do no damage.
You grab the dart slug. You squeeze the dart slug.
The dart slug is moderately wounded.
You constrict the dart slug, but do no damage.
The dart slug barely misses you.
You tentacle-slap the dart slug but do no damage.
You squeeze the dart slug, but do no damage.
The dart slug is moderately wounded.
You constrict the dart slug. You tentacle-slap the dart slug.
The dart slug is heavily wounded.
You constrict the dart slug. The dart slug launches a dart at you.
The slug dart hits you.
You die...

#. . # #. . .. #.#. .# [..#.#.
#### #.# .....? ($[# ..###.
.#.#... l..#....##.#######
........†#.h.#.............. ...
... #)###.##..##..#####. ..#
..#.#w@.# #..........#. #..
#w##...##.##..##.##.#.
..#.#...#...# #........#.
#.##..#....##.##.÷...... ####
#)#....#.#....# #.#.####. ...#
###†..........###........ ##.#
.......##.#.#.#........#.##.
##.####........#.#.####.#.#....#.
.....###########.#(###........##†


You could see a dart slug.

Vanquished Creatures
  A ball python (D:1)
  3 bats (D:1)
  3 giant cockroaches (D:1)
  5 goblins (D:1)
  4 hobgoblins (D:1)
  A jackal (D:1)
  3 kobolds (D:1)
  2 frilled lizards (D:1)
  2 rats (D:1)
24 creatures vanquished.

Notes
Turn   | Place    | Note
-------+----------+-------------------------------------------
     0 | D:1      | ANON1729 the Octopode Earth Elementalist began the quest
                  | for the Orb.
     0 | D:1      | Reached XP level 1. HP: 11/11 MP: 3/3
   450 | D:1      | Reached XP level 2. HP: 17/17 MP: 5/5
   758 | D:1      | Reached XP level 3. HP: 6/21 MP: 4/6
   759 | D:1      | Reached skill level 1 in Unarmed Combat
   771 | D:1      | Killed from afar by a dart slug

Levels and vault maps discovered:
D:1:      dpeg_arrival_pits, layout_basic, minmay_vboxes

Skill      XL: |  1  2  3 |
---------------+----------+-----
Unarmed Combat | 1 |  1.0
Dodging        | |  2.2
Stealth        | |  2.9
Spellcasting   | |  2.2
Transmutations | |  1.0
Earth Magic    | |  3.5

Action                   || total
-------------------------++-------
Melee: Unarmed           ||    65
       Constrict         ||    20
       Tentacles         ||    16
 Cast: Sandblast         ||     4
 Stab: Sleeping          ||     5
Armor: Skin              ||     3
Dodge: Dodged            ||    56

Table legend:
 A = Non-vault XP
 B = Vault XP
 C = Vault XP percentage of total XP
 D = Non-vault monster count
 E = Vault monster count
 F = Vault count percentage of total count
                 A         B        C        D         E       F
            +---------+---------+-------+---------+---------+-------
      Total |      34 |       7 |  17.1 |      20 |       4 |  16.7
            +---------+---------+-------+---------+---------+-------
        D:1 |      34 |       7 |  17.1 |      20 |       4 |  16.7
            +---------+---------+-------+---------+---------+-------
